 Dungeon Crawl Stone Soup version 0.28.0-53-g5a82cb258f (webtiles) character file.

Game seed: 11108970045765841007

77 H0rd4k the Charlatan (level 4, -3/32 HPs)
             Began as a Human Artificer on May 24, 2022.
             Slain by an ogre
             ... wielding a +0 giant club
              (16 damage)
             ... on level 5 of the Dungeon.
             The game lasted 00:03:10 (3204 turns).

H0rd4k the Charlatan (Human Artificer)              Turns: 3204, Time: 00:03:11

Health: -3/32      AC:  4    Str: 12    XL:     4   Next: 60%
Magic:  4/4        EV: 11    Int: 13    God:
Gold:   64         SH:  0    Dex: 14    Spells: 3/3 levels left

rFire   . . .      SeeInvis .   o - +1 short sword (freeze)
rCold   + . .      Faith    .   (no shield)
rNeg    . . .      Spirit   .   b - +0 leather armour
rPois   .          Reflect  .   (no helmet)
rElec   .          Harm     .   (no cloak)
rCorr   .          Rampage  .   g - +0 pair of gloves
Will    .....                   (no boots)
Stlth   +.........              u - amulet of the acrobat
HPRegen 0.10/turn               r - ring of protection from cold
MPRegen 0.09/turn               (no ring)

@: no status effects
A: no striking features
a: no special abilities


You were on level 5 of the Dungeon.
You visited 1 branch of the dungeon, and saw 4 of its levels.

You collected 64 gold pieces.

Inventory:

Hand Weapons
 o - a +1 short sword of freezing (weapon)
Missiles
 n - a throwing net
Armour
 b - a +0 leather armour (worn)
 g - a +0 pair of gloves (worn)
Jewellery
 r - a ring of protection from cold (left hand)
 u - an amulet of the acrobat (around neck)
Wands
 c - a wand of flame (15) (quivered)
 d - a wand of charming (13)
Scrolls
 a - 2 scrolls of enchant armour {unknown}
 i - a scroll of immolation {unknown}
 j - a scroll of teleportation {unknown}
 k - a scroll of enchant weapon {unknown}
 l - 2 scrolls of blinking {unknown}
 m - 2 scrolls of identify {unknown}
 q - a scroll of torment {unknown}
 s - 2 scrolls of fear {unknown}
 t - a scroll of noise {unknown}
 v - a scroll of fog {unknown}
Potions
 f - 3 potions of heal wounds {unknown}
 h - a potion of attraction {unknown}
 p - a potion of flight {unknown}
Miscellaneous
 e - a piece from Xom's chessboard (15/15)


   Skills:
 + Level 1.5 Fighting
 + Level 1.0 Short Blades
 + Level 1.4 Maces & Flails
 - Level 2.4 Armour
 + Level 1.7 Dodging
 - Level 1.2 Stealth
 + Level 3.6 Evocations


You had 3 spell levels left.
You didn't know any spells.
Your spell library was empty.

Dungeon Overview and Level Annotations

Branches:
Dungeon (3/15)

Altars:
Zin

Annotations:
D:1 exclusion: downstairs
D:2 Terence
D:3 1 transporter, Descartes's ghost, amateur FoWr
D:5 Prince Ribbit


Message History

The orc dies!
Press: ? - help, v - describe, . - travel, g - get item Item here: a +2 dagger of draining.
The floor.
Found 8 gold pieces.
You now have 64 gold pieces (gained 8).
The hound zombie completely misses you. The hound zombie barely misses you.
You barely miss the hound zombie.
The hound zombie is almost destroyed.
The hound zombie bites you.
You completely miss the hound zombie.
The hound zombie is almost destroyed.
The hound zombie barely misses you.
You hit the hound zombie.
You destroy the hound zombie!
Your Short Blades skill increases to level 1!
You see here a +0 giant spiked club.
Okay, then.
There is a stone staircase leading down here.
You barely miss the ogre. The ogre barely misses you.
You hit the ogre. You freeze the ogre.
The ogre is lightly wounded.
The ogre hits you but does no damage.
You hit the ogre but do no damage.
The ogre is lightly wounded.
The ogre completely misses you.
You hit the ogre but do no damage.
The ogre is lightly wounded.
The ogre hits you with a +0 giant club!!
Ouch! That really hurt!
You barely miss the ogre.
The ogre is lightly wounded.
You hit the ogre. You freeze the ogre. You punch the ogre.
The ogre is heavily wounded.
The ogre closely misses you.
You hit the ogre but do no damage.
The ogre is heavily wounded.
The ogre hits you with a +0 giant club!
Ouch! That really hurt!
You die...

#o.# #..# #$.# #####
##..##
###...####...##
##.............#
##....##........#
####(...#####....###
####)>@O...# ######
# ##...#......#
##..#####....# #..##
###..# #..## ####
##..## ###.## ##.##
##.##


You could see an ogre.

Vanquished Creatures
  A hound zombie (D:5)
  An adder (D:1)
  An orc (D:3)
  6 endoplasms
  A goblin (D:1)
  6 hobgoblins
  3 jackals (D:2)
  4 quokkas (D:1)
  5 ball pythons
  7 bats
  5 frilled lizards
  4 kobolds
  6 rats
50 creatures vanquished.

Vanquished Creatures (collateral kills)
  An orc (D:5)
1 creature vanquished.

Vanquished Creatures (others)
  An ogre (D:5)
1 creature vanquished.

Grand Total: 52 creatures vanquished

Notes
Turn   | Place    | Note
-------+----------+-------------------------------------------
     0 | D:1      | H0rd4k the Human Artificer began the quest for the Orb.
     0 | D:1      | Reached XP level 1. HP: 15/15 MP: 1/1
   343 | D:1      | Reached XP level 2. HP: 9/21 MP: 2/2
   557 | D:1      | HP: 1/21 [bat (1)]
  1191 | D:1      | Found a faded altar of an unknown god.
  1241 | D:1      | Reached XP level 3. HP: 15/26 MP: 3/3
  1811 | D:2      | Noticed Terence
  1883 | D:1      | Reached skill level 1 in Maces & Flails
  2400 | D:2      | Reached XP level 4. HP: 26/32 MP: 4/4
  2550 | D:2      | Found a glowing silver altar of Zin.
  2933 | D:3      | Found a transporter.
  2941 | D:3      | Identified the +9 halberd of Laceration {elec, +Blink rPois
                  | Will- MP-9}
  3029 | D:3      | Noticed Descartes's ghost (amateur FoWr)
  3034 | D:3      | You fall into a shaft and drop 2 floors!
  3034 | D:5      | Entered Level 5 of the Dungeon
  3038 | D:5      | Noticed an ogre
  3060 | D:5      | Noticed an ogre
  3094 | D:5      | Noticed Prince Ribbit
  3195 | D:5      | Reached skill level 1 in Short Blades
  3204 | D:5      | Slain by an ogre

Illustrated notes

Levels and vault maps discovered:
D:1:      dpeg_arrival_rooms_b, layout_loops_ring,
          shapermc_ecumenical_altar_venn
D:2:      cheibrodos_greedy_goblins, layout_loops_cross, basic_altar,
          minmay_ruptured, uniq_terence
D:3:      layout_basic, gammafunk_ghost_gnarly_gnolls, uniq_natasha
D:5:      layout_layer_cave, minmay_misc_feat_pillars, uniq_eustachio,
          uniq_blork_the_orc, uniq_prince_ribbit1, uniq_crazy_yiuf_cottage

Skill      XL: |  1  2  3  4 |
---------------+-------------+-----
Maces & Flails | 1 |  1.4
Short Blades   | 1 |  1.0
Fighting       | |  1.5
Armour         | |  2.4
Dodging        | |  1.7
Stealth        | |  1.2
Evocations     | |  3.6

Action                   |  1- 3 |  4- 6 || total
-------------------------+-------+-------++-------
Melee: Club              |   123 |       ||   123
       Punch             |     2 |     1 ||     3
       Short sword       |    31 |    41 ||    72
Evoke: Wand              |       |     2 ||     2
 Stab: Sleeping          |     6 |     1 ||     7
Armor: Leather armour    |    64 |    17 ||    81
Dodge: Dodged            |   115 |    30 ||   145
